[Event "Chess Stars Match"]
[Site "Teatro Capri, Paterna, Spain"]
[Date "2019.12.15"]
[Round "5.5"]
[White "Povshednyi, Ivan"]
[Black "Llobell Cortell, Enrique"]
[Result "0-1"]
[TimeControl "7m+3s"]
[BlackTitle "IM"]
[WhiteFideId "14190907"]
[BlackFideId "2216116"]
[WhiteElo "1795"]
[BlackElo "2401"]

1. e4 d6 2. d4 Nf6 3. Nc3 c6 4. Nf3 Bg4 5. Be2 e6 6. h3 Bh5 7. O-O d5 8. exd5 Bxf3 9. Bxf3 cxd5 10. Bf4 Nc6 11. Ne2 Bd6 12. Bxd6 Qxd6 13.
c3 O-O 14. Qd2 Rfc8 15. Qf4 Qd8 16. g4 Na5 17. Ng3 Nc4 18. Rab1 Qc7 19. Qxc7 Rxc7 20. Be2 Nd2 21. Rbd1 Nxf1 22. Bxf1 Ne8 23. f4 Nd6 24.
Bd3 Nc4 25. Bxc4 Rxc4 26. f5 b5 27. fxe6 fxe6 28. a3 a5 29. Re1 Ra6 30. Re5 b4 31. axb4 axb4 32. Ne2 b3 33. Nf4 Rxc3 34. bxc3 b2 35. Re1 Ra1 36. Rxa1 bxa1=Q+ 37. Kf2 Qxc3 38. Nxe6 Qc2+ 39. Kg3 Qc3+ 40. Kh4 Qe1+ 0-1

[Event "Chess Stars Match"]
[Site "Teatro Capri, Paterna, Spain"]
[Date "2019.12.15"]
[Round "6.1"]
[White "Vallejo Pons, Francisco"]
[Black "Howell, David W L"]
[Result "1/2-1/2"]
[TimeControl "7m+3s"]
[WhiteTitle "GM"]
[BlackTitle "GM"]
[WhiteFideId "2205530"]
[BlackFideId "410608"]
[WhiteElo "2704"]
[BlackElo "2676"]

1. e4 c6 2. Nc3 d5 3. Nf3 dxe4 4. Nxe4 Nf6 5. Qe2 Nxe4 6. Qxe4 Qa5 7. Qf4 Qf5 8. Qe3 Qe6 9. b3 a5 10.
Bb2 Qxe3+ 11. fxe3 f6 12. a3 e5 13. d4 exd4 14. exd4 Bd6 15. O-O-O Be6 16. Bc4 Bxc4 17. bxc4 Nd7 18.
Rhe1+ Kf7 19. Ne5+ Bxe5 20. dxe5 Nxe5 21. Bxe5 fxe5 22. Rxe5 Rhd8 23. Rf1+ Kg8 24. Re7 Rf8 25. Rd1 Rae8 26. Rxb7 Rf2 27. g3 Rxh2 28. Rdd7 g6 29. Rg7+ Kh8 30. Rgc7 Rh3 31. c5 Rxg3 32.
Rxh7+ Kg8 33. Rbg7+ Kf8 34.
Rc7 Kg8 35. Rhg7+ Kh8 36. Rgd7 Rxa3 37.
Rxc6 Rg3 38. Ra6 Rc8 39. c6 Rc3 40. Rd6 Kg7 41. c7 1/2-1/2

[Event "Chess Stars Match"]
[Site "Teatro Capri, Paterna, Spain"]
[Date "2019.12.15"]
[Round "6.2"]
[White "Arizmendi Martinez, Julen Luis"]
[Black "Hamitevici, Vladimir"]
[Result "1-0"]
[TimeControl "7m+3s"]
[WhiteTitle "GM"]
[BlackTitle "GM"]
[WhiteFideId "2205092"]
[BlackFideId "13902393"]
[WhiteElo "2511"]
[BlackElo "2453"]

1. d4 Nf6 2. c4 b6 3. Nc3 Bb7 4. d5 e6 5. e4 Bb4 6. Bd3 Bxc3+ 7. bxc3 d6 8. Ne2 Nbd7 9. Ng3 O-O 10. O-O Nc5 11. Re1 Re8 12. Bf1 exd5 13. exd5 Rxe1 14.
Qxe1 Qe8 15. Be3 a5 16. Qd1 Nce4 17. Bd4 Nxg3 18. hxg3 Nd7 19. Qd2 Qf8 20. Re1 Re8 21. Re3 Ne5 22.
Be2 Ba6 23. c5 Bxe2 24. Qxe2 bxc5 25. Bxe5 dxe5 26. Rxe5 Rxe5 27. Qxe5 Qd8 28. c4 h6 29.
Qc3 Qa8 30. Qe3 Qb8 31. Qxc5 Qb1+ 32. Kh2 Qxa2 33. Qxc7 a4 34. d6 Qe2 35. f3 Qe5 36.
Qc8+ Kh7 37. d7 1-0

[Event "Chess Stars Match"]
[Site "Teatro Capri, Paterna, Spain"]
[Date "2019.12.15"]
[Round "6.3"]
[White "Semenova, Elena"]
[Black "Injac, Teodora"]
[Result "0-1"]
[TimeControl "7m+3s"]
[WhiteTitle "WIM"]
[BlackTitle "WIM"]
[WhiteFideId "24125148"]
[BlackFideId "932400"]
[WhiteElo "2290"]
[BlackElo "2284"]

1. e4 c5 2. Nf3 d6 3. d4 cxd4 4. Qxd4 Nc6 5. Bb5 Bd7 6. Qd3 g6 7. c4 Bg7 8. Nc3 Nf6 9.
O-O O-O 10. h3 Rc8 11. Rb1 a6 12. Bxc6 Bxc6 13. b4 Nd7 14. Rd1 Nb6 15. Be3 Nxc4 16. Bg5 b5 17. Nd4 Bb7 18. Rdc1 Qb6 19.
Nb3 Rfe8 20. Nd5 Bxd5 21. exd5 Ne5 22.
Qe2 Nc4 23. Re1 Qb7 24. Qf3 e6 25. Rbd1 e5 26. h4 f5 27.
h5 e4 0-1

[Event "Chess Stars Match"]
[Site "Teatro Capri, Paterna, Spain"]
[Date "2019.12.15"]
[Round "6.4"]
[White "Llobell Cortell, Enrique"]
[Black "Randazzo, Adrian"]
[Result "1-0"]
[TimeControl "7m+3s"]
[WhiteTitle "IM"]
[BlackTitle "FM"]
[WhiteFideId "2216116"]
[BlackFideId "114251"]
[WhiteElo "2401"]
[BlackElo "2230"]

1. e4 c5 2. Nc3 d6 3. f4 Nc6 4. Nf3 g6 5. Bc4 Bg7 6. O-O Nf6 7. d3 O-O 8. Qe1 Nd4 9. Qh4 Nxc2 10.
Rb1 Nd4 11. f5 b5 12. Nxb5 Ne2+ 13.
Kh1 Nxc1 14. fxg6 Ne2 15. Ng5 h6 16. Nxf7 Rxf7 17. gxf7+ Kh8 18. Rbe1 Nd4 19. e5 dxe5 20. Rxe5 Nxb5 21.
Rxf6 Qf8 22. Rxe7 Qxe7 23. Rxh6+ 1-0

[Event "Chess Stars Match"]
[Site "Teatro Capri, Paterna, Spain"]
[Date "2019.12.15"]
[Round "6.5"]
[White "Macias Pino, Diego"]
[Black "Povshednyi, Ivan"]
[Result "1-0"]
[TimeControl "7m+3s"]
[WhiteFideId "24529133"]
[BlackFideId "14190907"]
[WhiteElo "2161"]
[BlackElo "1795"]

1. e4 c5 2. Nc3 Nc6 3. Bb5 Nd4 4. Bc4 e6 5. Nge2 a6 6. d3 d6 7. Nxd4 cxd4 8. Ne2 e5 9. O-O Nf6 10. Bb3 Be7 11.
Qe1 O-O 12. f4 b5 13. Qg3 Ng4 14. h3 Ne3 15. Bxe3 dxe3 16. Bd5 Rb8 17. fxe5 dxe5 18. Qxe5 Bd7 19. Qf4 Bg5 20. Bxf7+ Kh8 21.
Qh2 Bf6 22. e5 Bg5 23. e6 Bc6 24. Rf5 Bh6 25. Qe5 Qe7 26. Rh5 Rbc8 27. Rxh6 Rxf7 28. Rxh7+ Kxh7 29. Qh5+ Kg8 30. Qxf7+ Qxf7 31.
exf7+ Kxf7 32. Nd4 Bd5 33. b3 Kf6 34.
c4 Ke5 35. Nc2 bxc4 36. bxc4 Bc6 37. Re1 Rb8 38. Rxe3+ Kd6 39. Nd4 Ba8 40. Nb3 Bc6 41. d4 Rb4 42. d5 Bd7 43. Rc3 Bf5 44.
Kf2 Bc8 45. Ke3 Ke5 46. Rc1 Rb7 47. Kd3 Bf5+ 48. Kc3 Rc7 49. Rf1 Be4 50. Re1 Kf4 51. d6 Rd7 52. c5 Bxg2 53. Re7 Bxh3 54. Nd4 Rd8 55. Ne6+ 1-0

[Event "Chess Stars Match"]
[Site "Teatro Capri, Paterna, Spain"]
[Date "2019.12.15"]
[Round "7.1"]
[White "Howell, David W L"]
[Black "Arizmendi Martinez, Julen Luis"]
[Result "1-0"]
[TimeControl "7m+3s"]
[WhiteTitle "GM"]
[BlackTitle "GM"]
[WhiteFideId "410608"]
[BlackFideId "2205092"]
[WhiteElo "2676"]
[BlackElo "2511"]

1. Nf3 d5 2. c4 e6 3. g3 Nf6 4. Bg2 d4 5. O-O c5 6. d3 Nc6 7. e3 Bd6 8. exd4 cxd4 9. Bg5 h6 10.
Bxf6 Qxf6 11. Nbd2 Qe7 12. a3 a5 13. Ne4 Bc7 14. b4 axb4 15. axb4 Rxa1 16. Qxa1 Nxb4 17. Qa4+ Nc6 18. Nxd4 O-O 19. Nxc6 bxc6 20.
Qxc6 Be5 21. Rb1 Rd8 22. h4 Bd4 23. Rb8 Bd7 24. Rxd8+ Qxd8 25. Qd6 e5 26. Nc5 Bxc5 27. Qxc5 Bf5 28. Qxe5 Bxd3 29. c5 Qa5 30. h5 Qb5 31. Kh2 Kf8 32.
Qd6+ Kg8 33. Bf3 Bf5 34. Kg2 Qb1 35. c6 Qf1+ 36. Kxf1 1-0

[Event "Chess Stars Match"]
[Site "Teatro Capri, Paterna, Spain"]
[Date "2019.12.15"]
[Round "7.2"]
[White "Hamitevici, Vladimir"]
[Black "Semenova, Elena"]
[Result "1/2-1/2"]
[TimeControl "7m+3s"]
[WhiteTitle "GM"]
[BlackTitle "WIM"]
[WhiteFideId "13902393"]
[BlackFideId "24125148"]
[WhiteElo "2453"]
[BlackElo "2290"]

1. Nc3 e5 2. d3 d5 3. Nf3 Nc6 4. g3 f5 5. Bg2 Nf6 6. O-O e4 7. Ne1 Be7 8. dxe4 fxe4 9. Bg5 Be6 10.
e3 O-O 11. Ne2 h6 12. Bxf6 Bxf6 13. c3 Bg4 14. h3 Bh5 15. g4 Bf7 16. Nc2 h5 17. Nf4 hxg4 18. Qxg4 Qc8 19. Qg3 Be5 20.
f3 exf3 21. Rxf3 Qf5 22. Nd4 Nxd4 23. exd4 Bd6 24. Qg4 Qxg4 25. hxg4 Rae8 26. Raf1 c6 27. R3f2 Bxf4 28. Rxf4 Be6 29.
Kh2 Rxf4 30. Rxf4 g5 31.
Rf3 Kg7 32. Kg3 Rh8 33. Re3 Kf6 34.
Rf3+ Kg7 35. Re3 Kf6 36.
Rf3+ Kg7 1/2-1/2

[Event "Chess Stars Match"]
[Site "Teatro Capri, Paterna, Spain"]
[Date "2019.12.15"]
[Round "7.3"]
[White "Injac, Teodora"]
[Black "Llobell Cortell, Enrique"]
[Result "0-1"]
[TimeControl "7m+3s"]
[WhiteTitle "WIM"]
[BlackTitle "IM"]
[WhiteFideId "932400"]
[BlackFideId "2216116"]
[WhiteElo "2284"]
[BlackElo "2401"]

1. d4 Nf6 2. Nf3 d5 3.
c4 e6 4.
Nc3 dxc4 5. e3 a6 6. a4 c5 7. Bxc4 Nc6 8. O-O Be7 9. Qe2 cxd4 10. Rd1 O-O 11. exd4 Qc7 12. Bg5 Re8 13.
Ba2 Bd7 14. Rac1 Qa5 15. Ne5 Rad8 16. Qf3 Nxd4 17. Rxd4 Qxe5 18. Rdd1 Qxg5 0-1

[Event "Chess Stars Match"]
[Site "Teatro Capri, Paterna, Spain"]
[Date "2019.12.15"]
[Round "7.4"]
[White "Randazzo, Adrian"]
[Black "Macias Pino, Diego"]
[Result "0-1"]
[TimeControl "7m+3s"]
[WhiteTitle "FM"]
[WhiteFideId "114251"]
[BlackFideId "24529133"]
[WhiteElo "2230"]
[BlackElo "2161"]

1. Nf3 d5 2. e3 c6 3. c4 Nf6 4. Nc3 g6 5. d4 Bg7 6.
Be2 O-O 7. O-O Nbd7 8. cxd5 cxd5 9. Qb3 Nb6 10. Ne5 Be6 11. Bd2 Nfd7 12. f4 Nxe5 13. fxe5 Nc4 14. Qc2 Bh6 15. Bxc4 dxc4 16.
Rad1 Bg7 17. Be1 Bf5 18. Qa4 Bd3 19. Rxd3 cxd3 20. Qb5 a6 21. Qxd3 Bxe5 22. Qe4 Bg7 23. Bh4 f6 24. b3 Qd7 25.
Nd5 Rae8 26. Nb6 Qc6 27. Qxc6 bxc6 28.
Nd7 Rf7 29. Nc5 e5 30. Nxa6 exd4 31.
exd4 f5 32. Rd1 Ra7 33. Nb4 Bf8 34.
Nxc6 Rxa2 35. d5 Ree2 36. Bg3 Rxg2+ 37. Kh1 Bc5 38. d6 Rad2 39. Rc1 Rxg3 40. hxg3 Bxd6 41. b4 Rb2 42. Rc3 Bxb4 43. Nxb4 Rxb4 44. Kg2 Rb7 45. Kh3 Kg7 46. Rc6 h6 47. Kh4 Kf7 48. Ra6 Re7 49. Rb6 Re6 50. Rb7+ Kf6 51. Rb8 Re4+ 52. Kh3 Kg5 53.
Rb3 Kh5 54. Rb5 Re3 55. Kg2 Ra3 56. Rb4 g5 57. Kh2 g4 58. Rb8 Ra2+ 59. Kg1 Ra6 60. Kg2 Rf6 61. Rb4 Kg5 62. Rb8 h5 63.
Rg8+ Rg6 64. Rf8 Rg7 65. Rh8 f4 66. gxf4+ Kh4 67. Rf8 Rb7 68. Rh8 Rf7 69. Kg1 Rxf4 70. Kg2 Ra4 71. Rh7 Ra2+ 72. Kg1 Kg3 73. Kf1 Ra1+ 74. Ke2 h4 75. Rg7 h3 0-1

[Event "Chess Stars Match"]
[Site "Teatro Capri, Paterna, Spain"]
[Date "2019.12.15"]
[Round "7.5"]
[White "Povshednyi, Ivan"]
[Black "Vallejo Pons, Francisco"]
[Result "0-1"]
[TimeControl "7m+3s"]
[BlackTitle "GM"]
[WhiteFideId "14190907"]
[BlackFideId "2205530"]
[WhiteElo "1795"]
[BlackElo "2704"]

1. e4 e6 2. d4 d5 3. Nc3 Bb4 4. e5 c5 5. a3 Bxc3+ 6. bxc3 Qa5 7. Bd2 Qa4 8. Nf3 b6 9. Bd3 Ba6 10.
Bxa6 Qxa6 11. h4 Ne7 12. Rh3 h6 13. Qe2 Qa4 14. Be3 Nd7 15. Kf1 Rc8 16. Ne1 Nf5 17. g4 Ne7 18. Kg1 Qc4 19.
Qd2 h5 20. f3 cxd4 21. cxd4 Qc3 22. Qxc3 Rxc3 23. Bd2 hxg4 24. Bxc3 gxh3 25. Kh2 Rxh4 26. Nd3 Nf5 27. a4 Nxd4 28.
Bxd4 Rxd4 29. Kxh3 a5 30. Kg2 Rc4 31. Ra2 Nc5 32. Nxc5 bxc5 33. Rb2 Rb4 34. Ra2 g5 35. Kf2 Ke7 36.
Ke2 g4 37. fxg4 Rxg4 38. Rb2 Rxa4 39. Rb7+ Kf8 40. Rb8+ Kg7 41. Rb5 Re4+ 42. Kd2 c4 43. Rxa5 Rxe5 44. Ra7 Re4 45. c3 Rg4 46. Kc2 Rg2+ 47.
Kd1 Kf6 48. Kc1 Rf2 49. Kd1 Ke5 50. Ke1 Rf3 51. Kd2 f5 52. Kc2 Rf2+ 53. Kd1 Ke4 54. Ke1 Rc2 55. Ra3 e5 56. Kd1 Rh2 57. Ke1 f4 58. Kf1 Rc2 59. Ke1 Ke3 60. Kd1 Rd2+ 61. Kc1 f3 62. Ra8 f2 63. Rf8 Re2 64. Kb1 e4 65. Kc1 Kd3 66. Kb1 e3 67. Ka1 Kxc3 68.
Kb1 d4 69. Ka1 d3 70. Kb1 Rc2 71. Ka1 e2 0-1

[Event "Chess Stars Match"]
[Site "Teatro Capri, Paterna, Spain"]
[Date "2019.12.15"]
[Round "8.1"]
[White "Semenova, Elena"]
[Black "Howell, David W L"]
[Result "0-1"]
[TimeControl "7m+3s"]
[WhiteTitle "WIM"]
[BlackTitle "GM"]
[WhiteFideId "24125148"]
[BlackFideId "410608"]
[WhiteElo "2290"]
[BlackElo "2676"]

1. e4 c6 2. d4 d5 3. Nd2 dxe4 4. Nxe4 Nf6 5. Nxf6+ exf6 6. g3 h5 7. h4 Bg4 8. Qd3 Qd5 9. Rh2 Na6 10.
a3 O-O-O 11. Be3 Bd6 12. Ne2 Rhe8 13. Nc3 Qf3 14. Be2 Rxe3 15. fxe3 Qxg3+ 16. Rf2 Qxh4 17. Bxg4+ hxg4 18. Qf5+ Kb8 19. O-O-O Nc7 20. Rff1 Re8 21. Ne4 g6 22. Qxf6 Qxf6 23. Nxf6 Rxe3 24. Nxg4 Re7 25. Nf6 Ne6 26. c3 b5 27. Kc2 Kb7 28. Rde1 Bg3 29. Re2 Nxd4+ 30. cxd4 Rxe2+ 31. Kd3 Rxb2 32.
Ne4 f5 33. Nc5+ Kb6 34. Rh1 Bd6 35. Nd7+ Ka5 36. Rc1 Rb3+ 37. Ke2 Bxa3 38. Rxc6 Rg3 39. Kf2 f4 40. d5 Rd3 0-1

[Event "Chess Stars Match"]
[Site "Teatro Capri, Paterna, Spain"]
[Date "2019.12.15"]
[Round "8.2"]
[White "Llobell Cortell, Enrique"]
[Black "Hamitevici, Vladimir"]
[Result "1/2-1/2"]
[TimeControl "7m+3s"]
[WhiteTitle "IM"]
[BlackTitle "GM"]
[WhiteFideId "2216116"]
[BlackFideId "13902393"]
[WhiteElo "2401"]
[BlackElo "2453"]

1. e4 d6 2. Nc3 e5 3. Bc4 Nf6 4. d3 c6 5. a3 Be7 6. d4 O-O 7. Nge2 b5 8. Ba2 a5 9. dxe5 dxe5 10.
Qxd8 Rxd8 11. Be3 Nbd7 12. f3 Ba6 13. Nd1 b4 14. axb4 axb4 15. Bb3 Nc5 16. Bxc5 Bxc5 17. Nf2 Be3 18. Nd1 Bb6 19. Nf2 Bb5 20.
Rxa8 Rxa8 21. Nd1 Rd8 22. c4 bxc3 23. Ndxc3 Bd3 24. Ba4 c5 25. Bb3 c4 26. Bd1 Be3 27. Nd5 Nxd5 28. exd5 Rxd5 29. Nc3 Ra5 30. Be2 Ra1+ 31. Nd1 Bc2 32. h4 Rb1 33. h5 f5 34. Rh4 f4 35. Bxc4+ Kf8 36.
Be2 Ke7 37. Rg4 Kf6 38. Rh4 Bb3 39.
Rh3 Ba4 40. Rh4 Rc1 41. Rh3 Bd7 42.
Rh4 Bf5 43. Rh1 Rb1 44. Rh4 Kg5 45. Rh1 e4 46. fxe4 Bxe4 47. Bf3 Bd3 48. Be2 Bc2 49. Rh3 Bxd1 50. Bxd1 Rxb2 51. Bf3 Bf2+ 52. Kd1 Bg3 53. Kc1 Ra2 54. Kb1 Rf2 55. Rh1 h6 56.
Kc1 Ra2 57. Rd1 Bf2 58. Rd7 Be3+ 59. Kb1 Ra7 60. Rxa7 Bxa7 61. Kc2 Kf6 62. Kd3 Ke5 1/2-1/2

[Event "Chess Stars Match"]
[Site "Teatro Capri, Paterna, Spain"]
[Date "2019.12.15"]
[Round "8.3"]
[White "Macias Pino, Diego"]
[Black "Injac, Teodora"]
[Result "1-0"]
[TimeControl "7m+3s"]
[BlackTitle "WIM"]
[WhiteFideId "24529133"]
[BlackFideId "932400"]
[WhiteElo "2161"]
[BlackElo "2284"]

1. e4 e6 2. d4 d5 3. Nd2 Be7 4.
Ngf3 Nf6 5. Bd3 c5 6. c3 Nc6 7.
e5 Nd7 8. O-O g5 9. Bb5 g4 10. Bxc6 bxc6 11. Ne1 h5 12. f4 cxd4 13. cxd4 Qb6 14. Nb3 a5 15. Be3 a4 16. Nc1 c5 17. Nc2 Ba6 18. Rf2 Qxb2 19.
Nd3 Qc3 20. Nce1 Qa5 21. f5 cxd4 22. Bxd4 Nc5 23. Nxc5 Bxc5 24. fxe6 fxe6 25. Bxc5 Qxc5 26. Rc1 Qb5 27. Qc2 Rc8 28. Qg6+ Ke7 29. Qf7+ Kd8 30. Qf6+ Kd7 31. Qg7+ Kd8 32. Qxh8+ Kd7 33. Rf7# 1-0

[Event "Chess Stars Match"]
[Site "Teatro Capri, Paterna, Spain"]
[Date "2019.12.15"]
[Round "8.4"]
[White "Vallejo Pons, Francisco"]
[Black "Randazzo, Adrian"]
[Result "1-0"]
[TimeControl "7m+3s"]
[WhiteTitle "GM"]
[BlackTitle "FM"]
[WhiteFideId "2205530"]
[BlackFideId "114251"]
[WhiteElo "2704"]
[BlackElo "2230"]

1. d4 d5 2. c4 e6 3. Nc3 a6 4.
cxd5 exd5 5. Qb3 Nf6 6. Bg5 c6 7. e4 dxe4 8. Bc4 Qe7 9. a4 h6 10. Bh4 g5 11. Bg3 Bg7 12. h4 e3 13.
fxe3 Qxe3+ 14. Nge2 O-O 15. hxg5 hxg5 16. Nd5 Nxd5 17. Bxd5 Qxb3 18. Bxb3 Bg4 19. Kd2 Nd7 20. Rhf1 Nf6 21.
Nc3 Rad8 22. Be5 Nd7 23. Bd6 Bxd4 24. Bxf8 Rxf8 25. Rae1 Nc5 26. Bc2 Bg7 27. Bf5 Bh5 28. Kc2 b5 29.
axb5 cxb5 30. g4 Bg6 31. Bxg6 fxg6 32. Rxf8+ Kxf8 33. Nd5 Na4 34. b3 Nc5 35. b4 Nd7 36. Nc7 Ne5 37. Ne6+ 1-0

[Event "Chess Stars Match"]
[Site "Teatro Capri, Paterna, Spain"]
[Date "2019.12.15"]
[Round "8.5"]
[White "Arizmendi Martinez, Julen Luis"]
[Black "Povshednyi, Ivan"]
[Result "1-0"]
[TimeControl "7m+3s"]
[WhiteTitle "GM"]
[WhiteFideId "2205092"]
[BlackFideId "14190907"]
[WhiteElo "2511"]
[BlackElo "1795"]

1. e4 c5 2. Nf3 e6 3. d4 cxd4 4. Nxd4 Nf6 5. Nc3 d6 6. Be2 a6 7. O-O Be7 8. f4 Nbd7 9. Bf3 O-O 10. Be3 Qc7 11.
a4 Rb8 12. Kh1 Rd8 13. Qe2 Bf8 14. Rad1 e5 15. Nf5 g6 16. Ng3 exf4 17. Bxf4 Ne5 18. Bg5 Nfd7 19. Nd5 Qa5 20. b4 Qxa4 21. Bxd8 b6 22. Be7 Qc6 23. Bxf8 Kxf8 24. Qd2 Kg7 25. Ne7 Qc7 26. Qxd6 Qxd6 27.
Rxd6 Nxf3 28. gxf3 Ne5 29. Rd8 Rb7 30. Nxc8 Rc7 31. Nxb6 Rxc2 32. Nd5 Nd3 33. Ne3 Rd2 34. Kg1 Kf6 35.
e5+ Ke7 36. Rd4 h5 37. Ne4 Ra2 38. Rxd3 1-0

[Event "Chess Stars Match"]
[Site "Teatro Capri, Paterna, Spain"]
[Date "2019.12.15"]
[Round "9.1"]
[White "Howell, David W L"]
[Black "Llobell Cortell, Enrique"]
[Result "1-0"]
[TimeControl "7m+3s"]
[WhiteTitle "GM"]
[BlackTitle "IM"]
[WhiteFideId "410608"]
[BlackFideId "2216116"]
[WhiteElo "2676"]
[BlackElo "2401"]

1. g3 d5 2. Nf3 Nf6 3. Bg2 c6 4. c4 Bg4 5. Ne5 Be6 6. cxd5 Bxd5 7. Nf3 Nbd7 8. Nc3 Bxf3 9. Bxf3 e5 10.
d3 Bc5 11. a3 O-O 12. O-O Re8 13. Qc2 a6 14. b4 Ba7 15. Bb2 Qe7 16. Rad1 Rad8 17. e3 Nb6 18. Rfe1 Nbd5 19. Na4 h6 20. Ba1 a5 21. bxa5 Qxa3 22. Qc4 Qb4 23. Qxb4 Nxb4 24. Be2 Nc2 25. Rf1 Nxa1 26. Rxa1 Ra8 27. Rfb1 Re7 28.
Nb2 Bb8 29. Nc4 Ra7 30. Nb6 Re8 31. Rb3 Bc7 32. Nc4 Rea8 33. Rc1 Nd7 34. Rb2 Nc5 35. Nb6 Bxb6 36. axb6 Ra2 37. Rxa2 Rxa2 38. Rxc5 Rxe2 39. Rxe5 Rb2 40.
Re8+ Kh7 41. Re7 Rxb6 42. Rxf7 Kg6 43. Rc7 Kf6 44. h4 Rb2 45. d4 g5 46.
hxg5+ hxg5 47. g4 Ke6 48.
Kg2 Kf6 49. Kg3 Rb3 50. Rc8 Ke6 51. Rf8 Rb5 52. Kf3 Ra5 53. Ke4 Ra2 54. Rf5 b5 55. f3 b4 56. Rxg5 b3 57. Rg8 Rf2 58. Rb8 b2 59. f4 Kd6 60. g5 c5 61. Rb6+ 1-0

[Event "Chess Stars Match"]
[Site "Teatro Capri, Paterna, Spain"]
[Date "2019.12.15"]
[Round "9.2"]
[White "Hamitevici, Vladimir"]
[Black "Macias Pino, Diego"]
[Result "0-1"]
[TimeControl "7m+3s"]
[WhiteTitle "GM"]
[WhiteFideId "13902393"]
[BlackFideId "24529133"]
[WhiteElo "2453"]
[BlackElo "2161"]

1. e4 c6 2. Nf3 d5 3. exd5 cxd5 4. d4 Nc6 5. Ne5 e6 6. Bb5 Nge7 7. c4 a6 8.
Nxc6 Nxc6 9. Bxc6+ bxc6 10. O-O Bd6 11. b3 O-O 12. Re1 Bb7 13. c5 Bc7 14. Qf3 Qh4 15. Bb2 Qxh2+ 16. Kf1 a5 17. Ke2 Ba6+ 18. Kd2 Qh6+ 19. Kd1 Qg6 20. Re3 Bf1 21.
g3 Bh3 22. Qh1 Bg4+ 23. Kd2 a4 24. b4 Qf6 25. f4 g5 26. fxg5 Qf2+ 0-1

[Event "Chess Stars Match"]
[Site "Teatro Capri, Paterna, Spain"]
[Date "2019.12.15"]
[Round "9.3"]
[White "Injac, Teodora"]
[Black "Vallejo Pons, Francisco"]
[Result "0-1"]
[TimeControl "7m+3s"]
[WhiteTitle "WIM"]
[BlackTitle "GM"]
[WhiteFideId "932400"]
[BlackFideId "2205530"]
[WhiteElo "2284"]
[BlackElo "2704"]

1. d4 d5 2. Nf3 e6 3. c4 a6 4. cxd5 exd5 5. Nc3 h6 6. Bf4 Nf6 7. e3 Bd6 8. Bd3 O-O 9. O-O Bxf4 10.
exf4 Bg4 11. Re1 Nc6 12. Be2 Bxf3 13. Bxf3 Qd6 14. Qd2 Rad8 15. Rad1 Na7 16. Re5 c6 17. Rde1 Nb5 18. Na4 Nd7 19. Re7 Nc7 20. f5 Rfe8 21.
Rxe8+ Rxe8 22. Rxe8+ Nxe8 23. a3 Qe7 24. Nc3 Nd6 25. g4 Nc4 26. Qc2 Nf6 27. Kg2 Qe1 28. h3 Nh7 29. h4 Qe7 30.
Kg3 Qc7+ 31. Kg2 Qd8 32.
Kg3 Qd6+ 33. Kg2 Qf4 34.
Ne2 Qb8 35. Qb3 Nd6 36. Qd3 Qd8 37. Kg3 Qb8 38. Kg2 Qd8 39. Kg3 Nf6 40. Nc3 Qe7 41. Kg2 Nc4 42. Qc2 Ne8 43. Ne2 Qxh4 44. Qc1 Qg5 45. Qb1 h5 46.
b3 Nd2 47. Qd3 hxg4 0-1

[Event "Chess Stars Match"]
[Site "Teatro Capri, Paterna, Spain"]
[Date "2019.12.15"]
[Round "9.4"]
[White "Randazzo, Adrian"]
[Black "Arizmendi Martinez, Julen Luis"]
[Result "0-1"]
[TimeControl "7m+3s"]
[WhiteTitle "FM"]
[BlackTitle "GM"]
[WhiteFideId "114251"]
[BlackFideId "2205092"]
[WhiteElo "2230"]
[BlackElo "2511"]

1. e4 e6 2. d3 d5 3. Qe2 Nf6 4.
Nf3 b6 5. e5 Nfd7 6. g3 c5 7. c4 Nc6 8. Bg2 d4 9. Nfd2 Bb7 10. f4 Be7 11. O-O O-O 12. Ne4 Qc7 13. Nbd2 Rae8 14.
Nf3 f6 15. exf6 Nxf6 16. Neg5 Bd6 17. Nxe6 Nd8 18. f5 Nxe6 19. fxe6 Ng4 20. Bd2 Ne3 21.
Bxe3 Rxe6 22. Ng5 Rxe3 23. Rxf8+ Bxf8 24.
Qh5 g6 25. Qh3 Bxg2 26. Qxg2 Qe5 27. Nf3 Qf5 28. Nh4 Qe6 29. Rd1 Be7 30. Nf3 Qg4 31. Rf1 Bf6 32. Ne1 Qe6 33. Nc2 Re2 34.
Rf2 Rxf2 35. Qxf2 Bg5 36. Kg2 Kg7 37. Qf3 h5 38. b4 Bd2 39. bxc5 bxc5 40. h3 a6 41. a4 Kh6 42. g4 h4 43. a5 Bxa5 44. Qf2 Qe7 45. Qf3 Bc7 46. Qf2 Kg7 47. Qd2 Qe5 48.
Kg1 Qg3+ 49. Qg2 Qxd3 0-1

[Event "Chess Stars Match"]
[Site "Teatro Capri, Paterna, Spain"]
[Date "2019.12.15"]
[Round "9.5"]
[White "Povshednyi, Ivan"]
[Black "Semenova, Elena"]
[Result "0-1"]
[TimeControl "7m+3s"]
[BlackTitle "WIM"]
[WhiteFideId "14190907"]
[BlackFideId "24125148"]
[WhiteElo "1795"]
[BlackElo "2290"]

1. e4 e5 2. d4 exd4 3. c3 Nf6 4. e5 Nd5 5. Nf3 d6 6. cxd4 dxe5 7. dxe5 Nc6 8. Be2 Bf5 9.
O-O Be7 10. Nbd2 O-O 11. Nc4 Ndb4 12. Bf4 Nd3 13. Bg3 Bg6 14. Ne1 Nxe1 15. Rxe1 Qxd1 16. Raxd1 Rfd8 17. Rxd8+ Rxd8 18. Rd1 Nd4 19.
Kf1 Bc2 20. Rd2 Bb4 21. Rxc2 Nxc2 22. a3 Be7 23. f4 Nd4 24. Bf2 Nxe2 25. Kxe2 b6 26. Ne3 Bc5 27. Ng4 Bxf2 28. Nxf2 Kf8 29. Ne4 Ke7 30. g3 h6 31. Nc3 a6 32. Ke3 Ke6 33. Ke2 b5 34. Ne4 Kd5 35.
Nd2 Kd4 36. Nb3+ Kc4 37. Na5+ Kd5 38. Nb3 c5 39. Nd2 a5 40.
Ke3 a4 41. Ne4 b4 42. Nd2 Rb8 43.
h3 c4 44. axb4 Rxb4 45. Nb1 Rb3+ 46. Kd2 Rxb2+ 47. Kc1 Rg2 48. Nc3+ Kd4 49. Nxa4 Rxg3 50. Kd2 Rxh3 51. Nb6 Rh2+ 52. Kc1 c3 53. Na4 h5 54. Nb6 Kd3 55. Kb1 c2+ 56. Kb2 Rh1 57. Kb3 c1=Q 58. Nd5 Qc4+ 59.
Kb2 Rh2+ 60. Ka1 Qc1# 0-1

[Event "Chess Stars Match"]
[Site "Teatro Capri, Paterna, Spain"]
[Date "2019.12.15"]
[Round "10.1"]
[White "Macias Pino, Diego"]
[Black "Howell, David W L"]
[Result "0-1"]
[TimeControl "7m+3s"]
[BlackTitle "GM"]
[WhiteFideId "24529133"]
[BlackFideId "410608"]
[WhiteElo "2161"]
[BlackElo "2676"]

1. e4 c6 2. d4 d5 3. Nc3 dxe4 4.
Nxe4 Nf6 5. Nxf6+ exf6 6. c3 Bd6 7. Bd3 O-O 8. Ne2 Re8 9. O-O Qc7 10. Ng3 Nd7 11. f4 c5 12. Nf5 cxd4 13.
cxd4 Nf8 14. Nxd6 Qxd6 15. Kh1 Bd7 16. Bd2 Bc6 17. Bc3 Qd5 18. Qg4 Re3 19. Bc2 h5 0-1

[Event "Chess Stars Match"]
[Site "Teatro Capri, Paterna, Spain"]
[Date "2019.12.15"]
[Round "10.2"]
[White "Vallejo Pons, Francisco"]
[Black "Hamitevici, Vladimir"]
[Result "1/2-1/2"]
[TimeControl "7m+3s"]
[WhiteTitle "GM"]
[BlackTitle "GM"]
[WhiteFideId "2205530"]
[BlackFideId "13902393"]
[WhiteElo "2704"]
[BlackElo "2453"]

1. d4 Nf6 2. c4 e6 3. Nc3 Bb4 4. Qc2 O-O 5. e4 d5 6.
e5 Ne4 7. Bd3 c5 8. Nf3 cxd4 9. Nxd4 Nd7 10. Bf4 Ndc5 11. O-O Nxd3 12. Qxd3 Nc5 13. Qg3 Bxc3 14. Bh6 g6 15. bxc3 Re8 16. Rad1 f6 17. f3 Bd7 18.
h4 Qe7 19. Bf4 dxc4 20. h5 Nd3 21.
hxg6 hxg6 22. Qxg6+ Qg7 23. Qxg7+ Kxg7 24. exf6+ Kxf6 25. Be3 e5 26. Ne2 Rg8 27. Nc1 Ba4 28. Rd2 Ke6 29. Nxd3 cxd3 30. Rb1 Bc6 31. Rxd3 Bxf3 32.
Rd2 Bc6 33. Re1 a6 34. Bf4 e4 35. Rd6+ Ke7 36. Rh6 Rae8 37. Re3 Kf7 38. Kf2 Rg6 39. Rh7+ Rg7 40. Rh6 Rd8 41. Rg3 Rd3 42. Rxg7+ Kxg7 43.
Rh3 Kg6 44. Rxd3 1/2-1/2

[Event "Chess Stars Match"]
[Site "Teatro Capri, Paterna, Spain"]
[Date "2019.12.15"]
[Round "10.3"]
[White "Arizmendi Martinez, Julen Luis"]
[Black "Injac, Teodora"]
[Result "0-1"]
[TimeControl "7m+3s"]
[WhiteTitle "GM"]
[BlackTitle "WIM"]
[WhiteFideId "2205092"]
[BlackFideId "932400"]
[WhiteElo "2511"]
[BlackElo "2284"]

1. e4 e6 2. d4 d5 3.
Nd2 a6 4. Ngf3 c5 5. dxc5 Bxc5 6. Bd3 Nc6 7. O-O Nf6 8. c3 dxe4 9. Nxe4 Nxe4 10. Bxe4 Qxd1 11. Rxd1 Bd7 12. Bf4 f6 13. Bd6 Bxd6 14. Rxd6 Ke7 15. Rad1 Rad8 16. Ne1 e5 17. Nc2 Be6 18. Rxd8 Rxd8 19. Rxd8 Nxd8 20. a3 f5 21.
Bf3 Kd6 22. Kf1 Nc6 23. Ke1 g6 24. Nb4 Nxb4 25. axb4 Bd5 26. Ke2 e4 27. Ke3 exf3 28. gxf3 Ke5 29. f4+ Kd6 30. Kd4 h6 31. c4 Bg2 32. h4 b6 33.
Kc3 Kc6 34. Kd4 a5 35. Kc3 Bf3 36. Kb3 Be2 37. Kc3 Bf1 38. Kb3 axb4 39. Kxb4 b5 40. b3 bxc4 41. bxc4 Kb6 0-1